 Dungeon Crawl Stone Soup version 0.23-a0-445-g768d57b (webtiles) character file.

835 Dfrag the Firebug (level 7, -8/82 HPs)
             Began as a Naga Fire Elementalist on Nov 18, 2018.
             Was an Initiate of Makhleb.
             Mangled by Pikel
             ... wielding a +0 whip of electrocution
              (17 damage)
             ... on level 5 of the Dungeon.
             The game lasted 00:09:14 (3886 turns).

Dfrag the Firebug (Naga Fire Elementalist)          Turns: 3886, Time: 00:09:14

Health: -8/82      AC: 23    Str: 10 (11) XL:     7   Next: 98%
Magic:  2/14       EV:  1    Int: 15 (17) God:    Makhleb [......]
Gold:   286        SH:  0    Dex: 10 (11) Spells: 7/15 levels left

rFire    . . .     SeeInvis +   f - +2 dagger (venom)
rCold    . . .     Gourm    .   (no shield)
rNeg     + + +     Faith    .   (armour currently unavailable)
rPois    +         Spirit   .   (helmet currently unavailable)
rElec    .         Reflect  .   (cloak currently unavailable)
rCorr    .         Harm     .   (gloves currently unavailable)
MR       .....     NoTele   +   (no barding)
Stlth    ++........             (no amulet)
HPRegen  0.23/turn              (no ring)
MPRegen  0.14/turn              (no ring)

@: tree-form, very slightly contaminated
A: large, see invisible, slow metabolism 1, spit poison 1, AC +2
a: Spit Poison, Renounce Religion


You were on level 5 of the Dungeon.
You worshipped Makhleb.
Makhleb was noncommittal.
You were hungry.
You were a tree.
You visited 2 branches of the dungeon, and saw 7 of its levels.

You collected 286 gold pieces.

Inventory:

Hand Weapons
 f - a +2 dagger of venom (weapon)
 g - a +0 flail
Armour
 a - a +0 robe
 h - a scarf of resistance (melded)
 q - a +1 animal skin (melded)
 r - a cursed +0 helmet (melded)
Magical Staves
 s - an uncursed staff of death
Scrolls
 d - 2 scrolls of immolation {unknown}
 e - 4 scrolls of identify {unknown}
 i - a scroll of remove curse {unknown}
 j - 6 scrolls of teleportation {unknown}
 m - a scroll of enchant weapon {unknown}
 n - a scroll of enchant armour {unknown}
 p - 2 scrolls of fog {unknown}
 w - a scroll of random uselessness {unknown}
 y - a scroll of noise {unknown}
Potions
 l - a potion of might
 o - a potion of brilliance
 u - a potion of cancellation
 z - a potion of agility {unknown}
 B - a potion of mutation {unknown}
Comestibles
 c - 8 rations


   Skills:
 - Level 1.5 Dodging
 - Level 3.0 Stealth
 + Level 4.9 Spellcasting
 + Level 5.0 Conjurations
 + Level 5.8 Fire Magic


You had 7 spell levels left.
You knew the following spells:

 Your Spells              Type           Power        Failure   Level  Hunger
a - Flame Tongue          Conj/Fire      ###..        1%          1    None
b - Conjure Flame         Conj/Fire      ###.....     5%          3    ###....
c - Sticky Flame          Conj/Fire      ###.....     19%         4    ####...

Your spell library contained the following spells:

 Spells                   Type           Power        Failure   Level  Hunger
 Throw Flame              Conj/Fire      ###...       2%          2    ##.....
 Inner Flame              Hex/Fire       ##......     16%         3    ###....
 Animate Skeleton         Necr           N/A          17%         1    None
 Apportation              Tloc           #.....       17%         1    None
 Beastly Appendage        Tmut           #.....       17%         1    None
 Confusing Touch          Hex            #.....       17%         1    None
 Summon Small Mammal      Summ           #...         17%         1    None
 Sticks to Snakes         Tmut           #.......     26%         2    ##.....
 Spider Form              Tmut/Pois      #.........   45%         3    ###....
 Fireball                 Conj/Fire      ###.......   45%         5    ######.
 Ice Form                 Ice/Tmut       #.......     86%         4    ####...
 Blade Hands              Tmut           #.........   99%         5    ######.


Dungeon Overview and Level Annotations

Branches:
Dungeon (6/15)             Temple (1/1) D:4

Altars:
Ashenzari
Cheibriados
Dithmenos
Gozag
Makhleb
Okawaru
Qazlal
Trog
Xom
Yredelemnul

Shops:
D:4 *

Annotations:
D:5 Pikel


Innate Abilities, Weirdness & Mutations

You cannot wear boots.
((Your serpentine skin is tough. (AC +2)))
You have supernaturally acute eyesight. (SInv)
((Armour fits poorly on your strangely shaped body.))
((Your system is resistant to poisons. (rPois)))
((You cover ground very slowly.))
You have a slow metabolism.
You can spit poison.


Message History

Aiming: Sticky Flame (slightly dangerous; 19% risk of failure)
Press: ? - help, Shift-Dir - straight line, f/p - Pikel
Aim: Pikel, wielding a +0 whip of electrocution and wearing a +0 robe (lightly The sticky flame hits Pikel.
Pikel is lightly wounded.
Pikel is covered in liquid flames!
You are feeling hungry.
Pikel burns!
The slave hits you but does no damage.
Pikel hits you with a +0 whip of electrocution!
* * * LOW HITPOINT WARNING * * *
Okay, then.
It was a potion of lignification.
You turn into a tree.
Your scarf of resistance melds into your body.
Your cursed +0 helmet melds into your body.
Your +1 animal skin melds into your body.
You feel hot and cold all over.
Your roots penetrate the ground.
Pikel burns!
The slave hits you.
* * * LOW HITPOINT WARNING * * *
Pikel hits you but does no damage.
You are electrocuted!
You die...

..........## #.........#
#.
<.........#####.........#
#.
...........#............#
..
........[#..............#
.........#..#...........#
.........#.#............#
.........#.#............#
#.........p.............#
#####.....K♣...........
#.....#............
#.....#[[..........
#.....##.>.........
#......###.........#
#......# ##........#
#......# ##......##
......# ###...## ####


You could see Pikel (burning) and a slave.

Vanquished Creatures
  An ice beast (D:5)
  3 slaves (D:5)
  2 eyes of draining (D:3)
  3 hounds
  An orc wizard (D:4)
  Terence (D:3)
  4 worker ants
  Natasha (thrice) (D:2)
  Robin (D:2)
  3 gnolls (D:2)
  7 adders
  A shadow imp (D:5)
  2 oozes
  2 dart slugs
  3 leopard geckos
  14 orcs
  12 bats
  6 giant cockroaches
  11 goblins
  9 hobgoblins
  3 jackals (D:3)
  9 kobolds
  3 quokkas
  4 ball pythons
  5 frilled lizards
  10 rats
123 creatures vanquished.

Notes
Turn   | Place    | Note
-------+----------+-------------------------------------------
     0 | D:1      | Dfrag the Naga Fire Elementalist began the quest for the
                  | Orb.
     0 | D:1      | Reached XP level 1. HP: 15/15 MP: 3/3
    38 | D:1      | Reached XP level 2. HP: 16/22 MP: 1/5
   307 | D:1      | Reached XP level 3. HP: 19/28 MP: 6/6
   747 | D:2      | Learned a level 3 spell: Conjure Flame
   794 | D:2      | Reached XP level 4. HP: 23/36 MP: 2/8
  1051 | D:2      | Noticed Robin
  1063 | D:2      | Killed Robin
  1377 | D:2      | Reached XP level 5. HP: 42/42 MP: 3/9
  1382 | D:2      | Noticed Natasha
  1390 | D:2      | Killed Natasha
  1408 | D:2      | Noticed Natasha
  1415 | D:2      | Killed Natasha
  1642 | D:2      | Found a stormy altar of Qazlal.
  1754 | D:2      | Noticed Natasha
  1763 | D:2      | Killed Natasha
  1763 | D:2      | Reached XP level 6. HP: 40/49 MP: 4/11
  1769 | D:2      | Learned a level 4 spell: Sticky Flame
  1779 | D:2      | Found a shattered altar of Ashenzari.
  2070 | D:3      | Noticed Terence
  2077 | D:3      | Killed Terence
  2160 | D:3      | Found a bloodstained altar of Trog.
  2160 | D:3      | Noticed an eye of draining
  2168 | D:3      | Noticed an eye of draining
  2198 | D:3      | Killed an eye of draining
  2206 | D:3      | Killed an eye of draining
  2206 | D:3      | Reached skill level 5 in Fire Magic
  2206 | D:3      | Reached XP level 7. HP: 48/55 MP: 1/13
  2620 | D:4      | Found Lolyss's Elemental Accessories.
  2897 | D:4      | Found a staircase to the Ecumenical Temple.
  2914 | Temple   | Entered the Ecumenical Temple
  2967 | Temple   | Became a worshipper of Makhleb the Destroyer
  3304 | D:5      | Entered Level 5 of the Dungeon
  3540 | D:5      | Noticed Pikel
  3615 | D:6      | Reached skill level 5 in Conjurations
  3886 | D:5      | Mangled by Pikel

Vault maps used:
D:1:      dpeg_arrival_ratfight, corexii_hall_statues_i, kennysheep_small_spiral
D:2:      marbit_many_paths, old_standard_altar, first_ration, uniq_robin,
          uniq_natasha
D:3:      trog_eyes_of_draining, uniq_terence
D:4:      minmay_temple_entry_overgrown, nicolae_elemental_shop
D:5:      uniq_pikel
D:6:      kennysheep_mini, lemuel_doored_altar, gammafunk_temple_overflow_pools,
          serial_shops, shop, shop, basic_altar, minmay_between
Temple:   dpeg_chambers_temple

Skill      XL: |  1  2  3  4  5  6  7 |
---------------+----------------------+-----
Conjurations   | 2 3 4 5 |  5.0
Spellcasting   | 3 4 |  4.9
Fire Magic     | 4 5 |  5.8
Dodging        | |  1.5
Stealth        | |  3.0

Action                   |  1- 3 |  4- 6 |  7- 9 || total
-------------------------+-------+-------+-------++-------
Melee: Dagger            |    43 |    61 |    97 ||   201
 Cast: Flame Tongue      |    20 |    50 |    29 ||    99
       Conjure Flame     |       |     1 |       ||     1
       Sticky Flame      |       |     1 |    10 ||    11
 Abil: Spit Poison       |     7 |    20 |     8 ||    35
  Use: Potion            |       |       |     8 ||     8
 Stab: Sleeping          |     5 |       |     1 ||     6
  Eat: Chunk             |       |     5 |     7 ||    12
Armor: Robe              |    13 |     2 |       ||    15
       Animal skin       |       |    16 |    39 ||    55
       Skin              |       |       |     1 ||     1
Dodge: Dodged            |    38 |    33 |    75 ||   146

Table legend:
 A = Non-vault XP
 B = Vault XP
 C = Vault XP percentage of total XP
 D = Non-vault monster count
 E = Vault monster count
 F = Vault count percentage of total count
                 A         B        C        D         E       F
            +---------+---------+-------+---------+---------+-------
      Total |     829 |     364 |  30.5 |     100 |      20 |  16.7
            +---------+---------+-------+---------+---------+-------
        D:1 |      47 |       5 |   9.6 |      21 |       5 |  19.2
        D:2 |     218 |      64 |  22.7 |      33 |      10 |  23.3
        D:3 |      68 |     295 |  81.3 |      26 |       5 |  16.1
        D:4 |     234 |       0 |   0.0 |      14 |       0 |   0.0
        D:5 |     219 |       0 |   0.0 |       5 |       0 |   0.0
        D:6 |      43 |       0 |   0.0 |       1 |       0 |   0.0
            +---------+---------+-------+---------+---------+-------
